| TOP OF THE 1ST |
|
Stanford University Cardinal batting - Pitching for University of Toronto Marlies : RHP Jay Hagan
|
|
Pitching: RHP Jay Hagan
|
|
|
Batting: RHB Josh Benefield
|
0-0: Foul Ball, location: 2F 0-1: Ball 1-1: Ball 2-1: Swinging Strike 2-2: Ball 3-2: Strikes out swinging
|
|
Batting: RHB Bobby Orantez
|
0-0: Called Strike 0-1: Fly out, F7 (Flyball, 7, EV 81.9 MPH)
|
|
Batting: LHB Donny Kleinjan
|
0-0: Ball 1-0: Ball 2-0: Foul Ball, location: 2F 2-1: Foul Ball, location: 2F 2-2: Fly out, F7 (Flyball, 7, EV 84.4 MPH)
|
| Top of the 1st over - 0 runs, 0 hits, 0 errors, 0 left on base; Stanford University 0 - University of Toronto 0 |
| BOTTOM OF THE 1ST |
|
University of Toronto Marlies batting - Pitching for Stanford University Cardinal : RHP Ray Fogle
|
|
Pitching: RHP Ray Fogle
|
|
|
Batting: RHB Charlie Townend
|
0-0: Called Strike 0-1: SINGLE (Line Drive, 78S, EV 95.0 MPH)
|
|
Batting: LHB Mitch Melton
|
0-0: Ball 1-0: Ball 2-0: Ball 3-0: Called Strike 3-1: Called Strike 3-2: Strikes out looking Charlie Townend is caught stealing 2nd base 2-6 Batter strikes out.
|
|
Batting: SHB Conrade Gordon
|
0-0: Fly out, F7 (Line Drive, 78D, EV 106.9 MPH)
|
| Bottom of the 1st over - 0 runs, 1 hit, 0 errors, 0 left on base; Stanford University 0 - University of Toronto 0 |
| TOP OF THE 2ND |
|
Stanford University Cardinal batting - Pitching for University of Toronto Marlies : RHP Jay Hagan
|
|
Batting: RHB Joe Petley
|
0-0: Ball 1-0: Called Strike 1-1: Ball 2-1: SINGLE (Flyball, 3D, EV 95.6 MPH)
|
|
Batting: RHB Dzevat Koljevic
|
0-0: Ball 1-0: Grounds into double play, 4-6-3 (Groundball, 4, EV 88.8 MPH)
|
|
Batting: SHB Philippe Huff
|
0-0: Called Strike 0-1: Called Strike 0-2: Ball 1-2: Ball 2-2: Strikes out looking
|
| Top of the 2nd over - 0 runs, 1 hit, 0 errors, 0 left on base; Stanford University 0 - University of Toronto 0 |
| BOTTOM OF THE 2ND |
|
University of Toronto Marlies batting - Pitching for Stanford University Cardinal : RHP Ray Fogle
|
|
Batting: RHB Aaron Knight
|
0-0: Ball 1-0: Called Strike 1-1: Ball 2-1: Ball 3-1: Fly out, F9 (Flyball, 89S, EV 86.2 MPH)
|
|
Batting: RHB Todd Maybury
|
0-0: Called Strike 0-1: Ball 1-1: Foul Ball, location: 2F 1-2: Ball 2-2: Ball 3-2: Base on Balls
|
|
Batting: RHB Steve Campeau
|
0-0: Ball Todd Maybury steals 2nd base 1-0: Swinging Strike 1-1: Swinging Strike 1-2: Fly out, F8 (Flyball, 8RXD, EV 103.8 MPH)
|
|
Batting: SHB Jake Seymour
|
0-0: Ball 1-0: 2-RUN HOME RUN (Flyball, 9D, EV 98.1 MPH), Distance : 379 ft
|
|
Batting: RHB John Wilson
|
0-0: Fly out, F7 (Line Drive, 7, EV 98.1 MPH)
|
| Bottom of the 2nd over - 2 runs, 1 hit, 0 errors, 0 left on base; Stanford University 0 - University of Toronto 2 |
| TOP OF THE 3RD |
|
Stanford University Cardinal batting - Pitching for University of Toronto Marlies : RHP Jay Hagan
|
|
Batting: RHB Gary Preston
|
0-0: Ball 1-0: Ball 2-0: Ball 3-0: Base on Balls
|
|
Batting: RHB Erwin Young
|
0-0: Ball 1-0: Grounds into double play, 6-4-3 (Groundball, 6, EV 83.1 MPH)
|
|
Batting: LHB Mike Keating
|
0-0: Called Strike 0-1: Fly out, F8 (Line Drive, 8RS, EV 89.4 MPH)
|
| Top of the 3rd over - 0 runs, 0 hits, 0 errors, 0 left on base; Stanford University 0 - University of Toronto 2 |
| BOTTOM OF THE 3RD |
|
University of Toronto Marlies batting - Pitching for Stanford University Cardinal : RHP Ray Fogle
|
|
Batting: RHB Kevin McGaughey
|
0-0: Ball 1-0: Ball 2-0: Fly out, F8 (Flyball, 8RM, EV 95.0 MPH)
|
|
Batting: RHB Charlie Townend
|
0-0: Swinging Strike 0-1: Ball 1-1: Fly out, F9 (Flyball, 9S, EV 93.8 MPH)
|
|
Batting: LHB Mitch Melton
|
0-0: Called Strike 0-1: Swinging Strike 0-2: Ball 1-2: Fly out, F8 (Flyball, 8LD, EV 108.1 MPH)
|
| Bottom of the 3rd over - 0 runs, 0 hits, 0 errors, 0 left on base; Stanford University 0 - University of Toronto 2 |
| TOP OF THE 4TH |
|
Stanford University Cardinal batting - Pitching for University of Toronto Marlies : RHP Jay Hagan
|
|
Batting: RHB Josh Benefield
|
0-0: Ball 1-0: Ball 2-0: Ground out 5-3 (Groundball, 56, EV 100.0 MPH)
|
|
Batting: RHB Bobby Orantez
|
0-0: Called Strike 0-1: Ball 1-1: Ball 2-1: Foul Ball, location: 2F 2-2: Ground out 5-3 (Groundball, 56S, EV 83.8 MPH)
|
|
Batting: LHB Donny Kleinjan
|
0-0: Ball 1-0: Ball 2-0: Foul Ball, location: 2F 2-1: Ball 3-1: Swinging Strike 3-2: Base on Balls
|
|
Batting: RHB Joe Petley
|
0-0: Swinging Strike 0-1: Called Strike 0-2: Strikes out looking
|
| Top of the 4th over - 0 runs, 0 hits, 0 errors, 1 left on base; Stanford University 0 - University of Toronto 2 |
| BOTTOM OF THE 4TH |
|
University of Toronto Marlies batting - Pitching for Stanford University Cardinal : RHP Ray Fogle
|
|
Batting: SHB Conrade Gordon
|
0-0: Foul Ball, location: 2F 0-1: Ball 1-1: Ball 2-1: Ball 3-1: Foul Ball, location: 2F 3-2: Base on Balls
|
|
Batting: RHB Aaron Knight
|
0-0: Ball 1-0: Swinging Strike 1-1: Fly out, F8 (Flyball, 8RD, EV 91.2 MPH)
|
|
Batting: RHB Todd Maybury
|
0-0: Ball 1-0: Ball 2-0: Swinging Strike 2-1: Ball 3-1: Fly out, F7 (Line Drive, 7LM, EV 98.1 MPH)
|
|
Batting: RHB Steve Campeau
|
0-0: Ball 1-0: Called Strike 1-1: Ball 2-1: Foul Ball, location: 2F 2-2: SINGLE (Groundball, 34D, EV 95.6 MPH) Conrade Gordon to second Runner from 2nd tries for 3rd, SAFE, throw by RF made to third
|
|
Batting: SHB Jake Seymour
|
0-0: Ball 1-0: Called Strike 1-1: Foul Ball, location: 2F 1-2: Fly out, F9 (Flyball, 9D, EV 96.9 MPH)
|
| Bottom of the 4th over - 0 runs, 1 hit, 0 errors, 2 left on base; Stanford University 0 - University of Toronto 2 |
| TOP OF THE 5TH |
|
Stanford University Cardinal batting - Pitching for University of Toronto Marlies : RHP Jay Hagan
|
|
Batting: RHB Dzevat Koljevic
|
0-0: Ball 1-0: Ground out U3 (Groundball, 34S, EV 84.4 MPH)
|
|
Batting: SHB Philippe Huff
|
0-0: Called Strike 0-1: Fly out, F8 (Line Drive, 8RD, EV 91.2 MPH)
|
|
Batting: RHB Gary Preston
|
0-0: Called Strike 0-1: Ball 1-1: Swinging Strike 1-2: Fly out, F8 (Flyball, 78S, EV 71.2 MPH)
|
| Top of the 5th over - 0 runs, 0 hits, 0 errors, 0 left on base; Stanford University 0 - University of Toronto 2 |
| BOTTOM OF THE 5TH |
|
University of Toronto Marlies batting - Pitching for Stanford University Cardinal : RHP Ray Fogle
|
|
Batting: RHB John Wilson
|
0-0: Ball 1-0: Called Strike 1-1: Called Strike 1-2: Ground out 5-3 (Groundball, 5, EV 79.4 MPH)
|
|
Batting: RHB Kevin McGaughey
|
0-0: Called Strike 0-1: Called Strike 0-2: Strikes out swinging
|
|
Batting: RHB Charlie Townend
|
0-0: Ball 1-0: Ball 2-0: Called Strike 2-1: Ball 3-1: Base on Balls
|
|
Batting: LHB Mitch Melton
|
0-0: Called Strike 0-1: Ball 1-1: Foul Ball, location: 2F 1-2: Ground out 4-3 (Groundball, 4, EV 101.2 MPH)
|
| Bottom of the 5th over - 0 runs, 0 hits, 0 errors, 1 left on base; Stanford University 0 - University of Toronto 2 |
| TOP OF THE 6TH |
|
Stanford University Cardinal batting - Pitching for University of Toronto Marlies : RHP Jay Hagan
|
|
Batting: RHB Erwin Young
|
0-0: Ball 1-0: Ball 2-0: Ball 3-0: Called Strike 3-1: Base on Balls
|
|
Batting: LHB Mike Keating
|
0-0: Ball 1-0: Foul Ball, location: 2F 1-1: Fly out, F8 (Flyball, 8RD, EV 88.8 MPH)
|
|
Batting: RHB Josh Benefield
|
0-0: Called Strike 0-1: Ball 1-1: Swinging Strike 1-2: Ball 2-2: Strikes out looking
|
|
Batting: RHB Bobby Orantez
|
0-0: Called Strike 0-1: Ball 1-1: Called Strike 1-2: Strikes out swinging
|
| Top of the 6th over - 0 runs, 0 hits, 0 errors, 1 left on base; Stanford University 0 - University of Toronto 2 |
| BOTTOM OF THE 6TH |
|
University of Toronto Marlies batting - Pitching for Stanford University Cardinal : RHP Ray Fogle
|
|
Batting: SHB Conrade Gordon
|
0-0: Called Strike 0-1: Foul Ball, location: 2F 0-2: Ball 1-2: Ball 2-2: Ball 3-2: Foul Ball, location: 2F 3-2: Strikes out swinging
|
|
Batting: RHB Aaron Knight
|
0-0: Foul Ball, location: 2F 0-1: Ball 1-1: Ball 2-1: Foul Ball, location: 2F 2-2: Foul Ball, location: 2F 2-2: Ground out 6-3 (Groundball, 6, EV 86.2 MPH)
|
|
Batting: RHB Todd Maybury
|
0-0: Fly out, F9 (Flyball, 9S, EV 80.6 MPH)
|
| Bottom of the 6th over - 0 runs, 0 hits, 0 errors, 0 left on base; Stanford University 0 - University of Toronto 2 |
| TOP OF THE 7TH |
|
Stanford University Cardinal batting - Pitching for University of Toronto Marlies : RHP Jay Hagan
|
|
Batting: LHB Donny Kleinjan
|
0-0: Ball 1-0: Fly out, F9 (Line Drive, 9, EV 85.6 MPH)
|
|
Batting: RHB Joe Petley
|
0-0: Fly out, F7 (Flyball, 7LM, EV 96.9 MPH)
|
|
Batting: RHB Dzevat Koljevic
|
0-0: Swinging Strike 0-1: Foul Ball, location: 2F 0-2: Ground out 4-3 (Groundball, 4, EV 89.4 MPH)
|
| Top of the 7th over - 0 runs, 0 hits, 0 errors, 0 left on base; Stanford University 0 - University of Toronto 2 |
| BOTTOM OF THE 7TH |
|
University of Toronto Marlies batting - Pitching for Stanford University Cardinal : RHP Ray Fogle
|
|
Pitching: RHP Andy Swan
|
|
|
Batting: RHB Steve Campeau
|
0-0: Foul Ball, location: 2F 0-1: Ball 1-1: Ground out U3 (Groundball, 3S, EV 88.1 MPH)
|
|
Batting: SHB Jake Seymour
|
0-0: Ball 1-0: Ball 2-0: Called Strike 2-1: Ball 3-1: Called Strike 3-2: Ground out 6-3 (Groundball, 6, EV 88.8 MPH)
|
|
Batting: RHB John Wilson
|
0-0: Called Strike 0-1: Ball 1-1: Ball 2-1: Ball 3-1: Called Strike 3-2: Foul Ball, location: 2F 3-2: Foul Ball, location: 2F 3-2: Foul Ball, location: 2F 3-2: Base on Balls
|
|
Pitching: RHP Joe Kill
|
|
|
Batting: RHB Kevin McGaughey
|
0-0: Ball John Wilson steals 2nd base 1-0: 2-RUN HOME RUN (Flyball, 7D, EV 103.1 MPH), Distance : 387 ft
|
|
Batting: RHB Charlie Townend
|
0-0: Called Strike 0-1: Ball 1-1: Foul Ball, location: 2F 1-2: Ball 2-2: Ball 3-2: DOUBLE (Line Drive, 9LS, EV 99.4 MPH)
|
|
Batting: LHB Mitch Melton
|
0-0: Ball 1-0: Called Strike 1-1: Foul Ball, location: 2F 1-2: Strikes out looking
|
| Bottom of the 7th over - 2 runs, 2 hits, 0 errors, 1 left on base; Stanford University 0 - University of Toronto 4 |
| TOP OF THE 8TH |
|
Stanford University Cardinal batting - Pitching for University of Toronto Marlies : RHP Jay Hagan
|
|
Batting: SHB Philippe Huff
|
0-0: Ball 1-0: Foul Ball, location: 2F 1-1: Ball 2-1: Foul Ball, location: 2F 2-2: Strikes out swinging
|
|
Pitching: RHP Mario Cumplido
|
|
|
Batting: RHB Gary Preston
|
0-0: Ball 1-0: Foul Ball, location: 2F 1-1: Called Strike 1-2: Ball 2-2: Strikes out swinging
|
|
Batting: RHB Erwin Young
|
0-0: SINGLE (Line Drive, 34D, EV 99.4 MPH)
|
|
Batting: LHB Mike Keating
|
0-0: Ball 1-0: Ball 2-0: Ball 3-0: Base on Balls Erwin Young to second
|
|
Batting: RHB Josh Benefield
|
0-0: Fly out, F7 (Flyball, 7S, EV 85.6 MPH)
|
| Top of the 8th over - 0 runs, 1 hit, 0 errors, 2 left on base; Stanford University 0 - University of Toronto 4 |
| BOTTOM OF THE 8TH |
|
University of Toronto Marlies batting - Pitching for Stanford University Cardinal : RHP Joe Kill
|
|
Pitching: RHP Steven Townsend
|
|
|
Batting: SHB Conrade Gordon
|
0-0: Ball 1-0: SOLO HOME RUN (Flyball, 78XD, EV 107.5 MPH), Distance : 429 ft
|
|
Batting: RHB Aaron Knight
|
0-0: Called Strike 0-1: Swinging Strike 0-2: Strikes out swinging
|
|
Batting: RHB Todd Maybury
|
0-0: Called Strike 0-1: Swinging Strike 0-2: Strikes out swinging
|
|
Batting: RHB Steve Campeau
|
0-0: Swinging Strike 0-1: Called Strike 0-2: Strikes out swinging
|
| Bottom of the 8th over - 1 run, 1 hit, 0 errors, 0 left on base; Stanford University 0 - University of Toronto 5 |
| TOP OF THE 9TH |
|
Stanford University Cardinal batting - Pitching for University of Toronto Marlies : RHP Mario Cumplido
|
|
Batting: RHB Bobby Orantez
|
0-0: Ball 1-0: Called Strike 1-1: Called Strike 1-2: Foul Ball, location: 2F 1-2: Ground out 6-3 (Groundball, 6, EV 90.0 MPH)
|
|
Batting: LHB Donny Kleinjan
|
0-0: Foul Ball, location: 2F 0-1: Called Strike 0-2: Ball 1-2: Ball 2-2: Strikes out swinging
|
|
Batting: RHB Eric McDonald
|
0-0: Ball 1-0: DOUBLE (Flyball, 89D, EV 98.8 MPH)
|
|
Pitching: RHP Sun-dong Su
|
|
|
Batting: RHB Dzevat Koljevic
|
0-0: SINGLE (Line Drive, 78S, EV 105.6 MPH) Eric McDonald to third
|
|
Batting: SHB Philippe Huff
|
0-0: Ball 1-0: Fly out, F8 (Flyball, 8LXD, EV 103.1 MPH)
|
| Top of the 9th over - 0 runs, 2 hits, 0 errors, 2 left on base; Stanford University 0 - University of Toronto 5 |
|